 Dungeon Crawl Stone Soup version 0.30-a0-394-g3e4acdb0ae (webtiles) character file.

Game seed: 6328422150159483957

2926 Depression the Geomancer (level 9, -5/58 HPs)
             Began as an Octopode Earth Elementalist on Dec 6, 2022.
             Was a Follower of Vehumet.
             Slain by an orc
             ... wielding a +0 trident
              (9 damage)
             ... in a bailey.
             The game lasted 00:44:56 (7985 turns).

Depression the Geomancer (OpEE)                     Turns: 7985, Time: 00:44:57

Health: -5/58      AC:  1    Str: 19    XL:     9   Next: 79%
Magic:  0/13       EV: 15    Int: 21    God:    Vehumet [*.....]
Gold:   346        SH:  0    Dex: 19    Spells: 8/16 levels left

rFire   . . .      SeeInvis .    z - +2 dagger (vamp)
rCold   + . .      Faith    .    (no shield)
rNeg    . . .      Spirit   .    (helmet restricted)
rPois   .          Reflect  .    (no amulet)
rElec   .          Harm     .    l - +6 ring of strength
rCorr   .          Rampage  .    d - ring of protection from cold {rC+}
Will    .....                    u - +6 ring of strength
Stlth   ++++++....               w - +6 ring of dexterity
HPRegen 0.29/turn                B - ring of wizardry {wiz+}
MPRegen 0.13/turn                (no ring)
                                 (no ring)
                                 (no ring)

@: brilliant
A: almost no armour, amphibious, 8 rings, camouflage 1, gelatinous body 1,
nimble swimmer 1, tentacles, low MP 1
a: Renounce Religion


You were in a bailey.
You worshipped Vehumet.
Vehumet was aware of your devotion.
You visited 2 branches of the dungeon, and saw 8 of its levels.
You also visited: Bailey.

You collected 370 gold pieces.
You spent 24 gold pieces at shops.

Inventory:

Hand Weapons
 q - a +0 rapier
 z - a +2 vampiric dagger (weapon)
 A - a +1 long sword of holy wrath
 J - a +2 quarterstaff of chaos
Missiles
 r - 20 poisoned darts
 L - a curare-tipped dart
 N - 15 javelins
Armour
 C - a +0 tower shield
Jewellery
 d - a ring of protection from cold (right tentacle) {rC+}
 l - a +6 ring of strength (left tentacle)
 t - a ring of fire {rF+, rC-}
 u - a +6 ring of strength (on tentacle)
 w - a +6 ring of dexterity (on tentacle)
 B - a ring of wizardry (on tentacle) {wiz+}
Wands
 j - a wand of mindburst (12)
 x - a wand of flame (17)
 y - a wand of paralysis (10)
 H - a wand of polymorph (6)
Scrolls
 b - 3 scrolls of fear
 i - 2 scrolls of poison
 k - 4 scrolls of enchant weapon
 m - 2 scrolls of teleportation
 n - a scroll of silence
 p - a scroll of amnesia
 s - a scroll of summoning
 F - a scroll of fog {unknown}
 I - a scroll of immolation {unknown}
 K - a scroll of identify
Potions
 a - a potion of magic
 c - 3 potions of flight
 e - 3 potions of resistance
 f - 3 potions of heal wounds {unknown}
 g - 3 potions of curing
 h - 2 potions of brilliance
 o - a potion of ambrosia {unknown}
 v - 2 potions of mutation {unknown}
 D - 3 potions of degeneration {unknown}
 E - 3 potions of attraction {unknown}
 G - a potion of invisibility {unknown}
 M - a potion of might {unknown}


   Skills:
 + Level 3.9 Fighting
 + Level 3.9 Dodging
 + Level 6.9 Stealth
 - Level 4.0 Spellcasting
 - Level 6.0 Conjurations
 - Level 2.0 Transmutations
 - Level 9.0 Earth Magic


You had 8 spell levels left.
You knew the following spells:

 Your Spells              Type           Power      Damage    Failure   Level
a - Sandblast             Erth           100%       2d20      1%          1
b - Stone Arrow           Conj/Erth      100%       3d13      1%          3
c - Petrify               Tmut/Erth      40%        N/A       4%          4

Your spell library contained the following spells:

 Spells                   Type           Power      Damage    Failure   Level
 Kiss of Death            Conj/Necr      100%       2d13      1%          1
 Magic Dart               Conj           100%       1d8       1%          1
 Passwall                 Tmut/Erth      33%        N/A       1%          2
 Mephitic Cloud           Conj/Pois/Air  18%        N/A       6%          3
 Call Imp                 Summ           6%         N/A       8%          2
 Summon Guardian Golem    Hex/Summ       6%         N/A       14%         3
 Summon Ice Beast         Ice/Summ       6%         N/A       41%         4
 Summon Forest            Summ/Tloc      3%         N/A       75%         5
 Summon Mana Viper        Hex/Summ       6%         N/A       75%         5
 Orb of Destruction       Conj           22%        9d8       96%         7
 Eringya's Noxious Bog    Tmut/Pois      6%         N/A       99%         6
 Monstrous Menagerie      Summ           3%         N/A       100%        7
 Spellforged Servitor     Conj/Summ      12%        N/A       100%        7
 Summon Hydra             Summ           3%         N/A       100%        7


Dungeon Overview and Level Annotations

Branches:
Dungeon (7/15) Zot: 26476  Temple (1/1) D:6 Zot: 5900  Bailey (1/1) Zot: 4771

Altars:
Ashenzari
Cheibriados
Dithmenos
Fedhas
Gozag
Hepliaklqana
Kikubaaqudgha
Makhleb
Nemelex Xobeh
Qazlal
Ru
Sif Muna
Trog
Vehumet
Xom
Yredelemnul
Zin
The Shining One

Shops:
D:4 *

Annotations:
D:5 Ghost area, alexxx's ghost, novice GrRe


Innate Abilities, Weirdness & Mutations

You cannot wear most types of armour.
You are amphibious.
You can wear up to eight rings at the same time.
Your skin changes colour to match your surroundings (Stealth+).
Your rubbery body absorbs attacks. (AC +1, EV +1)
You are camouflaged when in or above water. (Stealth+)
You have tentacles for arms and can constrict up to eight enemies at once.
Your magical capacity is low. (-10% MP)


Message History

Press: ? - help, Shift-Dir - straight line, f - centaur
Aim: a centaur, wielding a +0 trident, wearing a +0 ring mail and quivering javelins (93% to hit)
The blast of sand hits the centaur.
The centaur is lightly wounded.
* * * LOW MAGIC WARNING * * *
The centaur throws a javelin.
The javelin pierces through you!
* * * LOW HITPOINT WARNING * * *
Unknown command.
The centaur throws a javelin.
The javelin pierces through you!
* * * LOW HITPOINT WARNING * * *
The orc barely misses you.
Okay, then.
Okay, then.
The orc barely misses you.
Casting: Sandblast (safe; 1% risk of failure)
Confirm with . or Enter, or press ? or * to list all spells.
Aiming: Sandblast (safe; 1% risk of failure)
Press: ? - help, Shift-Dir - straight line, f/p - centaur
Aim: a centaur, wielding a +0 trident, wearing a +0 ring mail and quivering javelins (lightly wounded, 93% to hit)
The blast of sand hits the orc but does no damage.
* * * LOW MAGIC WARNING * * *
The orc hits you from afar with a +0 trident.
* * * LOW HITPOINT WARNING * * *
Okay, then.
It was a potion of brilliance.
You feel clever all of a sudden. The orc barely misses you.
Casting: Sandblast (safe; 1% risk of failure)
Confirm with . or Enter, or press ? or * to list all spells.
Aiming: Sandblast (safe; 1% risk of failure)
Press: ? - help, Shift-Dir - straight line, f/p - centaur
Aim: a centaur, wielding a +0 trident, wearing a +0 ring mail and quivering javelins (lightly wounded, 93% to hit)
You feel a surge of power!
The blast of sand misses the orc.
The blast of sand hits the centaur!
The centaur is severely wounded.
* * * LOW MAGIC WARNING * * *
The orc hits you from afar with a +0 trident.
* * * LOW HITPOINT WARNING * * *
The orc hits you from afar with a +0 trident!
You die...

......).....## ##≈≈≈≈≈≈≈≈≈≈≈≈
.......).....###≈≈≈≈≈≈≈≈.....
######⌠.......#≈≈≈≈≈≈≈).≈≈≈≈≈
....)#####....#≈≈≈≈≈..≈≈≈....
≈≈≈≈≈))..##...#≈≈≈≈.≈≈≈......
....≈≈≈.⌠.#...#≈≈≈≈c≈.........
≈≈≈≈).≈≈..#...#≈≈≈o≈≈.⌠.......
)..≈≈≈.≈≈.#⌠).#≈≈≈.≈).........
≈≈≈).≈≈.≈.##..#≈@)≈≈....≈≈≈≈≈≈
..≈≈≈.≈.≈≈.#..#####...≈≈≈~~~~~
.⌠..≈.≈≈.≈.#..'......≈≈≈~≈≈≈≈≈
∩∩..≈....≈.#..'......≈≈≈~~:?}≈
.⌠..≈.≈≈.≈.#..'......≈≈≈~≈≈≈≈≈
..≈≈≈.≈.≈≈.#..#####...≈≈≈~~~~~
≈≈≈..≈≈.≈.##..#≈≈)≈≈....≈≈≈≈≈≈
...≈≈≈.≈≈.#⌠..#≈≈≈.≈...)......
≈≈≈≈..≈≈..#...#≈≈≈.≈≈.⌠.......


You could see a centaur and an orc.

Vanquished Creatures
  Prince Ribbit (D:5)
  Menkaure (D:5)
  Edmund (D:5)
  5 orc warriors (Bailey)
  A black bear (D:6)
  A sky beast (D:6)
  2 ogres
  6 centaurs (Bailey)
  2 kobold brigands (D:7)
  Blork the orc (D:6)
  2 scorpions (D:5)
  2 bullfrogs (D:6)
  A crimson imp (D:5)
  2 jellies
  2 orc priests (D:4)
  Crazy Yiuf (D:6)
  4 hounds
  A gnoll bouda (D:7)
  3 iguanas
  4 orc wizards
  7 adders
  A gnoll (D:7)
  A shadow imp (D:5)
  2 white imps (D:5)
  2 ufetubi
  2 dart slugs (D:5)
  43 orcs
  8 ball pythons
  2 endoplasms
  3 giant cockroaches
  5 hobgoblins
  4 jackals (D:4)
  10 kobolds
  3 quokkas
  2 bats
  A frilled lizard (D:3)
  8 goblins
  4 rats
151 creatures vanquished.

Vanquished Creatures (others)
  An orc wizard (D:4)
  2 withered plants (D:5)
3 creatures vanquished.

Grand Total: 154 creatures vanquished

Notes
Turn   | Place    | Note
-------+----------+-------------------------------------------
     0 | D:1      | Depression the Octopode Earth Elementalist began the quest
                  | for the Orb.
     0 | D:1      | Reached XP level 1. HP: 11/11 MP: 3/3
    83 | D:1      | Reached skill level 3 in Stealth
   166 | D:1      | Reached XP level 2. HP: 17/17 MP: 1/5
  1680 | D:3      | Reached skill level 1 in Conjurations
  1680 | D:3      | Reached XP level 3. HP: 19/21 MP: 2/7
  1740 | D:3      | Learned a level 3 spell: Stone Arrow
  1842 | D:3      | Found a shadowy altar of Dithmenos.
  1882 | D:3      | Found a shimmering altar of Xom.
  1886 | D:3      | Found a shimmering altar of Xom.
  1890 | D:3      | Reached XP level 4. HP: 27/27 MP: 6/8
  2123 | D:3      | Reached skill level 3 in Spellcasting
  2123 | D:3      | Reached skill level 4 in Earth Magic
  2368 | D:3      | Found a faded altar of an unknown god.
  2551 | D:4      | Found Pelowag's General Store.
  2554 | D:4      | Reached skill level 2 in Conjurations
  2559 | D:4      | Reached XP level 5. HP: 24/31 MP: 4/9
  2573 | D:4      | Bought a scroll of identify for 24 gold pieces
  2835 | D:4      | Reached skill level 5 in Earth Magic
  2915 | D:4      | Found a glowing silver altar of Zin.
  3163 | D:4      | Found a hazy altar of Hepliaklqana.
  3248 | D:4      | Reached skill level 3 in Conjurations
  3248 | D:4      | Reached XP level 6. HP: 23/36 MP: 1/10
  3267 | D:4      | Reached skill level 1 in Fighting
  3815 | D:5      | Entered Level 5 of the Dungeon
  3839 | D:5      | Noticed Menkaure
  3899 | D:5      | Found an ancient bone altar of Kikubaaqudgha.
  3908 | D:5      | Found a transporter.
  3920 | D:5      | Found a transporter.
  3920 | D:5      | Noticed alexxx's ghost (novice GrRe)
  3964 | D:5      | Reached skill level 2 in Fighting
  3999 | D:5      | Reached skill level 3 in Fighting
  4141 | D:5      | Reached XP level 7. HP: 46/46 MP: 11/11
  4232 | D:5      | Killed Menkaure
  4233 | D:5      | Reached skill level 3 in Dodging
  4379 | D:5      | Noticed Edmund
  4399 | D:5      | Noticed Prince Ribbit
  4409 | D:5      | Killed Prince Ribbit
  4410 | D:5      | Reached skill level 4 in Conjurations
  4410 | D:5      | Reached skill level 6 in Earth Magic
  4497 | D:5      | Learned a level 4 spell: Petrify
  4509 | D:5      | Reached XP level 8. HP: 39/52 MP: 6/12
  4795 | D:5      | Gained mutation: Your magical capacity is low. (-10% MP)
                  | [mutagenic glow]
  4800 | D:5      | Killed Edmund
  4801 | D:5      | Reached skill level 4 in Stealth
  5187 | D:6      | Reached skill level 4 in Spellcasting
  5187 | D:6      | Reached skill level 5 in Conjurations
  5242 | D:6      | Noticed Blork the orc
  5255 | D:6      | Killed Blork the orc
  5256 | D:6      | Reached skill level 5 in Stealth
  5357 | D:6      | Found a runed translucent door.
  5358 | D:6      | Noticed Crazy Yiuf
  5365 | D:6      | Killed Crazy Yiuf
  5402 | D:6      | Found a glowing golden altar of the Shining One.
  5409 | D:6      | Reached skill level 2 in Transmutations
  5409 | D:6      | Reached skill level 7 in Earth Magic
  5605 | D:6      | Found a stormy altar of Qazlal.
  5701 | D:6      | Found a staircase to the Ecumenical Temple.
  5711 | Temple   | Entered the Ecumenical Temple
  5800 | Temple   | Became a worshipper of Vehumet
  5852 | D:6      | Found a shimmering blue altar of Sif Muna.
  5918 | D:6      | Reached XP level 9. HP: 56/56 MP: 9/13
  6052 | D:6      | Found an opulent altar of Gozag.
  6270 | D:7      | Found a burning altar of Makhleb.
  6276 | D:7      | Reached skill level 6 in Conjurations
  6427 | D:7      | Reached skill level 8 in Earth Magic
  6529 | D:7      | Found a flagged portal.
  6549 | D:7      | HP: 13/56 [gnoll/+0 flail[a gnoll bouda] (6)]
  6550 | D:7      | HP: 3/56 [gnoll/+0 flail[a gnoll bouda] (11)]
  6770 | Bailey   | Entered a bailey
  6888 | Bailey   | Reached * piety under Vehumet
  6888 | Bailey   | Offered knowledge of Kiss of Death by Vehumet.
  6983 | Bailey   | HP: 12/56 [centaur/+0 halberd (3)]
  6986 | Bailey   | Reached skill level 6 in Stealth
  7545 | Bailey   | Reached skill level 9 in Earth Magic
  7980 | Bailey   | HP: 9/58 [centaur/javelin (8)]
  7985 | Bailey   | HP: 4/58 [orc/+0 trident (3)]
  7985 | Bailey   | Slain by an orc

Illustrated notes

Levels and vault maps discovered:
D:1:      saegor_arrival_simple_a, layout_loops_ring, serial_co_window_serial,
          co_window_corner_a, co_window_paths_a, co_window_paths_b,
          co_window_paths_a, co_window_paths_a, co_window_corner_b,
          co_window_corner_b, co_window_broadway_c, co_window_corner_b,
          co_window_of_opportunity_b, glass_columns_b, glass_columns_b
D:2:      layout_basic
D:3:      layout_loops_ring, general_overflow_altar, xom_redecorated,
          chequers_ecumenical_altar_grove, kennysheep_generic_room_12
D:4:      layout_basic, mainiacjoe_overflow_boulevard,
          mainiacjoe_overflow_surrounded_room, serial_shops, nicolae_shop_trees
D:5:      layout_cave_pools, kiku_gazebo_garden_becter, gammafunk_ghost_arena,
          minmay_fire_ice_demons, uniq_edmund, uniq_prince_ribbit1,
          uniq_menkaure
D:6:      layout_loops_ring, mainiacjoe_overflow_catwalk,
          nicolae_qazlal_general_emergency, marbit_many_paths,
          mainiacjoe_overflow_small_starburst,
          minmay_temple_entry_statues_pillars, uniq_crazy_yiuf_cottage,
          uniq_blork_the_orc
D:7:      layout_loops_cross, lightli_temple_of_fire, enter_bailey_5
Temple:   nicolae_temple_godpark
Bailey:   bailey_polearm_flooded_kennysheep, bailey

Skill      XL: |  1  2  3  4  5  6  7  8  9 |
---------------+----------------------------+-----
Stealth        | 3 5 6 |  6.9
Conjurations   | 1 2 3 4 5 6 |  6.0
Spellcasting   | 3 4 |  4.0
Earth Magic    | 4 5 6 7 9 |  9.0
Fighting       | 3 |  3.9
Dodging        | 3 |  3.9
Transmutations | 2 |  2.0

Action                   |  1- 3 |  4- 6 |  7- 9 || total
-------------------------+-------+-------+-------++-------
Melee: Dagger            |     3 |     8 |    53 ||    64
       Constrict         |     1 |     6 |    10 ||    17
       Tentacles         |     1 |     3 |    11 ||    15
       Rapier            |     4 |     8 |       ||    12
       Punch             |       |       |     2 ||     2
 Cast: Sandblast         |    25 |    55 |    70 ||   150
       Stone Arrow       |       |     5 |    61 ||    66
       Petrify           |       |       |     5 ||     5
Evoke: Wand              |       |       |     9 ||     9
  Use: Potion            |       |     2 |     1 ||     3
       Scroll            |       |       |     9 ||     9
 Stab: Sleeping          |     4 |     3 |    11 ||    18
       Paralysed         |       |       |     5 ||     5
       Petrifying        |       |       |     2 ||     2
       Petrified         |       |       |     1 ||     1
Armor: Skin              |     1 |     1 |     2 ||     4
Dodge: Dodged            |     4 |    39 |    84 ||   127

Table legend: (Time is in decaauts)
 A = Elapsed time spent in this place.
 B = Non-inter-level travel time spent in this place.
 C = Inter-level travel time spent in this place.
 D = Time resting spent in this place.
 E = Time spent auto-exploring this place.
 F = Levels seen in this place.
 G = Mean time per level.
                   A        B        C        D        E       F      G
               +--------+--------+--------+--------+--------+-----+--------+
         Total |   8050 |   7826 |    224 |   2026 |   2431 |   9 |  894.4 |
       Dungeon |   6723 |   6499 |    224 |   1210 |   2387 |   7 |  960.4 |
        Temple |     99 |     99 |      0 |      0 |      0 |   1 |   99.0 |
        Bailey |   1227 |   1227 |      0 |    816 |     44 |   1 | 1227.0 |
               +--------+--------+--------+--------+--------+-----+--------+

Top non-repeatable levels by time:
     D:4: 1381 daAuts
  Bailey: 1227 daAuts
     D:6: 1206 daAuts
     D:5: 1195 daAuts
     D:1: 1018 daAuts
     D:3: 896 daAuts
     D:2: 654 daAuts
     D:7: 372 daAuts
  Temple: 99 daAuts
